 Dungeon Crawl Stone Soup version 0.19.5 (webtiles) character file.

586 sveltemanboy the Slasher (level 7, -8/50 HPs)
             Began as a Demonspawn Gladiator on Mar 26, 2017.
             Was a Follower of Okawaru.
             Mangled by Inkary's ghost (10 damage)
             ... on level 4 of the Dungeon.
             The game lasted 00:11:31 (4611 turns).

sveltemanboy the Slasher (Demonspawn Gladiator)     Turns: 4611, Time: 00:11:32

Health: -8/50      AC: 13    Str: 15    XL:     7   Next: 15%
Magic:  9/9        EV: 11    Int: 12    God:    Okawaru [*.....]
Gold:   294        SH:  5    Dex: 13    Spells: 0 memorised, 6 levels left

rFire  . . .     SeeInvis .     a - +0 long sword
rCold  + . .     Gourm    .     h - +0 ring mail
rNeg   . . .     Faith    .     (no shield)
rPois  .         Spirit   .     c - +0 helmet
rElec  .         Reflect  +     (no cloak)
rCorr  .         Harm     .     (no gloves)
MR     .....                    r - +0 pair of boots
Stlth  +.........               d - +5 amulet of reflection
                                (no ring)
                                (no ring)

@: sanguine armour, flying (expiring)
A: cold resistance 1, powered by death 1, sanguine armour 1
a: Heroism, Renounce Religion


You were on level 4 of the Dungeon.
You worshipped Okawaru.
Okawaru was aware of your devotion.
You were hungry.

You visited 1 branch of the dungeon, and saw 4 of its levels.

You collected 294 gold pieces.

Inventory:

Hand Weapons
 a - a +0 long sword (weapon)
Armour
 c - a +0 helmet (worn)
 h - a +0 ring mail (worn)
 r - a +0 pair of boots (worn)
Jewellery
 d - a +5 amulet of reflection (around neck)
Wands
 b - a wand of iceblast (1/15)
Scrolls
 e - a scroll of identify
 g - 2 scrolls of enchant weapon
 j - a scroll of magic mapping
 n - a scroll of noise
 q - a scroll of fear
Comestibles
 f - 2 bread rations
 o - a royal jelly


   Skills:
 - Level 2.0 Fighting
 * Level 7.0 Long Blades
 - Level 1.7 Throwing
 - Level 1.0 Armour
 - Level 2.6 Dodging
 - Level 3.0 Invocations


You had 6 spell levels left.
You didn't know any spells.

Dungeon Overview and Level Annotations

Branches:
Dungeon (4/15)
 Temple: D:4-7

Altars:
Dithmenos
Elyvilon
Nemelex Xobeh
Okawaru
Sif Muna
Zin
The Shining One

Annotations:
D:4 Inkary's ghost, amateur MiFi


Innate Abilities, Weirdness & Mutations

Your flesh is cold resistant. (rC+)
You regenerate a little health from kills.
When seriously injured, your bleeding wounds create armour. (AC +6)


Message History

Okay, then.
As you read the scroll of fear, it crumbles to dust.
You assume a fearsome visage.
Inkary's ghost is unaffected.
Inkary's ghost hits you!
* * * LOW HITPOINT WARNING * * *
Inkary's ghost misses you.
You aren't carrying any potions.
Inkary's ghost stares at you.
Inkary's ghost says, "I'll split you in two!"
Inkary's ghost's inner flame fades away.
You feel a little less clever now.
You see here a mace.
Items here: ) [[[ a leather armour; a hand axe; a scale mail; a ring mail You are starting to lose your buoyancy.
A phantom comes into view.
You miss the phantom. The phantom hits you.
* * * LOW HITPOINT WARNING * * *
The phantom blinks!
Inkary's ghost hits you!
You die...

########
#######...[).###
#.......####...#
######.#######
#.#.###
#)......#
##...).##
#.##.##W#
##.......#
##.##.##@#
#...≈≈≈...
#.....##§#
#..≈≈≈≈≈..
#..#####.#****
#..≈≈♣≈≈..
#..#####..,,,*
#..≈≈≈≈≈..
#.......W.,,,*
♣...≈≈≈...
###.######...,**
♣♣.......♣
#......# #...,*
♣♣....)♣♣
#.#.#..# #....*
♣♣...♣♣ #.#.#..#
***.#* ♣♣.....♣♣


You could see a phantom and Inkary's ghost.

Vanquished Creatures
  A phantom (D:4)
  2 hounds (D:4)
  An orc priest (D:4)
  2 orc wizards (D:3)
  Jessica (D:3)
  Ijyb (D:3)
  2 worker ants (D:4)
  Terence (D:3)
  9 adders
  4 gnolls (D:4)
  3 worms
  2 dart slugs
  4 leopard geckos
  14 orcs
  A ball python (D:4)
  5 giant cockroaches
  9 goblins
  6 hobgoblins
  10 jackals
  7 kobolds
  3 bats
  6 frilled lizards
  9 rats
103 creatures vanquished.

Notes
Turn   | Place    | Note
-------+----------+-------------------------------------------
     0 | D:1      | sveltemanboy the Demonspawn Gladiator began the quest for the Orb.
     0 | D:1      | Reached XP level 1. HP: 16/16 MP: 1/1
    38 | D:1      | Reached skill level 3 in Long Blades
   146 | D:1      | Found a sparkling altar of Nemelex Xobeh.
   318 | D:1      | Gained mutation: When seriously injured, your bleeding wounds create armour. (AC +6) [demonic ancestry]
   318 | D:1      | Reached XP level 2. HP: 18/22 MP: 2/2
   686 | D:1      | Reached skill level 1 in Armour
  1165 | D:2      | Reached XP level 3. HP: 24/27 MP: 3/3
  1377 | D:2      | Found an iron altar of Okawaru.
  1405 | D:2      | Reached skill level 4 in Long Blades
  1422 | D:2      | Became a worshipper of Warmaster Okawaru
  1461 | D:2      | Gained mutation: Your flesh is cold resistant. (rC+) [demonic ancestry]
  1461 | D:2      | Reached XP level 4. HP: 29/33 MP: 4/4
  1764 | D:2      | Reached skill level 1 in Invocations
  1924 | D:2      | Found a glowing golden altar of the Shining One.
  2001 | D:3      | Noticed Terence
  2017 | D:3      | Killed Terence
  2135 | D:3      | Found a shadowy altar of Dithmenos.
  2208 | D:3      | Reached XP level 5. HP: 13/38 MP: 6/6
  2466 | D:3      | Reached skill level 5 in Long Blades
  3105 | D:3      | Noticed Jessica
  3117 | D:3      | Killed Jessica
  3117 | D:3      | Reached XP level 6. HP: 44/44 MP: 8/8
  3123 | D:3      | Found an iron altar of Okawaru.
  3131 | D:3      | Found a glowing silver altar of Zin.
  3191 | D:3      | Reached * piety under Okawaru
  3206 | D:3      | Noticed Ijyb
  3225 | D:3      | Killed Ijyb
  3371 | D:3      | Found a deep blue altar of Sif Muna.
  3667 | D:4      | Reached skill level 6 in Long Blades
  3737 | D:4      | Noticed Inkary's ghost (amateur MiFi)
  3959 | D:4      | Gained mutation: You regenerate a little health from kills. [demonic ancestry]
  3959 | D:4      | Reached XP level 7. HP: 25/50 MP: 9/9
  4236 | D:4      | Found a white marble altar of Elyvilon.
  4303 | D:4      | Reached skill level 7 in Long Blades
  4576 | D:4      | HP: 2/50 [Inkary's ghost (11)]
  4611 | D:4      | HP: 2/50 [phantom (5)]
  4611 | D:4      | Mangled by Inkary's ghost

Skill      XL: |  1  2  3  4  5  6  7 |
---------------+----------------------+-----
Long Blades    | 3 4 5 6 7 |  7.0
Armour         | 1 |  1.0
Invocations    | 2 3 |  3.0
Fighting       | |  2.0
Throwing       | |  1.7
Dodging        | |  2.6

Action                   |  1- 3 |  4- 6 |  7- 9 || total
-------------------------+-------+-------+-------++-------
Melee: Long sword        |   116 |   264 |    43 ||   423
Throw: Throwing net      |     3 |     5 |       ||     8
Invok: Heroism           |       |     1 |     1 ||     2
Evoke: Wand              |       |       |     1 ||     1
  Use: Potion            |       |     3 |     4 ||     7
       Scroll            |       |     1 |     6 ||     7
 Stab: Held in net/web   |     1 |     2 |       ||     3
       Invisible         |       |     1 |       ||     1
  Eat: Chunk             |     2 |     8 |     2 ||    12
Armor: Leather armour    |     9 |       |       ||     9
       Ring mail         |    34 |   111 |     8 ||   153
Dodge: Dodged            |    67 |   126 |    24 ||   217
Block: Other             |       |     3 |     7 ||    10
       Rpst.: Long sword |    19 |    42 |     7 ||    68
